 Dungeon Crawl Stone Soup version 0.28-a0-312-gbced6e68ee (webtiles) character file.

Game seed: 12556603548675778277

557342 EnegeticOcto the Planerender (level 26, -20/168 HPs)
             Began as a Tengu Summoner on Aug 31, 2021.
             Was an Elder of Sif Muna.
             Killed from afar by a green draconian annihilator (64 damage)
             ... with a crystal spear
             ... on level 1 of the Realm of Zot.
             The game lasted 02:56:37 (82700 turns).

EnegeticOcto the Planerender (Tengu Summoner)      Turns: 82700, Time: 02:56:37

Health: -20/168    AC: 27    Str: 11    XL:     26   Next: 52%
Magic:  15/54      EV: 19    Int: 29    God:    Sif Muna [****..]
Gold:   4321       SH: 18    Dex: 14    Spells: 10/57 levels left

rFire   + . .      SeeInvis .   D - +8 broad axe "Seesur" {vorpal, rElec rPois rC+ Dex-2}
rCold   + . .      Faith    .   Z - +0 kite shield {rN+}
rNeg    + . .      Spirit   .   w - +7 swamp dragon scales
rPois   +          Reflect  +   p - +3 hat of Pondering {ponderous, Will+ MP+10 Int+5}
rElec   +          Harm     .   n - +2 cloak
rCorr   .          Rampage  .   s - +2 pair of gloves
Will    +++..                   (boots unavailable)
Stlth   ++........              e - amulet of reflection
HPRegen 0.38/turn               B - ring of willpower
MPRegen 0.34/turn               X - ring of protection from fire

@: flying quickly and evasively, studying Long Blades
A: beak, talons 3, nimble flight
}: 3/15 runes: decaying, silver, gossamer
a: Renounce Religion, Channel Magic, Forget Spell, Divine Exegesis


You were on level 1 of the Realm of Zot.
You worshipped Sif Muna.
Sif Muna was greatly pleased with you.
You visited 10 branches of the dungeon, and saw 46 of its levels.
You also visited: Trove, Ossuary, Gauntlet, Ice Cave and Volcano.

You collected 8173 gold pieces.
You spent 3852 gold pieces at shops.

Inventory:

Hand Weapons
 D - the +8 broad axe "Seesur" (weapon) {vorpal, rElec rPois rC+ Dex-2}
   (You took it off a deep elf knight on level 3 of the Elven Halls)

   It inflicts extra damage upon your enemies.
   Dex:       It affects your dexterity (-2).
   rC:        It protects you from cold.
   rElec:     It insulates you from electricity.
   rPois:     It protects you from poison.
Missiles
 m - 10 throwing nets {!f}
 x - 10 curare-tipped darts
Armour
 n - a +2 cloak (worn)
   (You found it on level 4 of the Dungeon)
 p - the +3 hat of Pondering (worn) {ponderous, Will+ MP+10 Int+5}
   (You took it off Gastronok on level 8 of the Dungeon)

   Int:       It affects your intelligence (+5).
   MP:        It affects your magic capacity (+10).
   Will:      It increases your willpower.
 s - a +2 pair of gloves (worn)
   (You found it on level 4 of the Dungeon)
 w - +7 swamp dragon scales (worn)
   (You found it on level 4 of the Swamp)
 Z - a +0 kite shield of positive energy (worn)
   (You bought it in a shop on level 2 of the Orcish Mines)
Magical Staves
 a - a staff of cold
   (You took it off Fannar on level 1 of the Lair of Beasts)
 L - a staff of fire
   (You found it on level 1 of the Spider Nest)
Jewellery
 c - the ring of Guim {rCorr MP+9}
   (You acquired it on level 2 of the Depths)

   [ring of resist corrosion]

   MP:        It affects your magic capacity (+9).
   rCorr:     It protects you from acid and corrosion.
 e - an amulet of reflection (around neck)
   (You found it on level 3 of the Lair of Beasts)
 B - a ring of willpower (left hand)
   (You found it in a Gauntlet)
 N - a +4 ring of protection
   (You bought it in a shop on level 10 of the Dungeon)
 R - the ring "Hyhi" {Fire rElec rPois Dex-2 Stlth+}
   (You took it off a deep elf demonologist on level 3 of the Elven Halls)

   [ring of fire]

   It enhances your fire magic.
   Dex:       It affects your dexterity (-2).
   rF:        It protects you from fire.
   rC:        It makes you vulnerable to cold.
   rElec:     It insulates you from electricity.
   rPois:     It protects you from poison.
   Stlth:     It makes you more stealthy.
 X - a ring of protection from fire (right hand)
   (You found it on level 6 of the Lair of Beasts)
Wands
 f - a wand of acid (25) {@v1}
   (You found it in a treasure trove)
 g - a wand of polymorph (19)
   (You found it in a treasure trove)
 l - a wand of mindburst (54)
   (You found it in a treasure trove)
 y - a wand of charming (2)
   (You found it on level 4 of the Lair of Beasts)
 E - a wand of digging (16) {@v3}
   (You found it in a Gauntlet)
 I - a wand of iceblast (29) {@v2}
   (You found it on level 3 of the Dungeon)
 W - a wand of paralysis (29)
   (You found it on level 11 of the Dungeon)
Scrolls
 d - 3 scrolls of silence
 h - 2 scrolls of summoning
 i - 13 scrolls of fog {!r}
 u - 19 scrolls of teleportation {@r3 !r}
 v - 6 scrolls of vulnerability
 A - a scroll of fear {!r}
 C - 3 scrolls of torment
 F - 4 scrolls of blinking {@r4}
 G - 5 scrolls of immolation
 O - 5 scrolls of holy word
 S - 3 scrolls of magic mapping {@r5 !r}
Potions
 b - 13 potions of haste {@q4 !q}
 j - 14 potions of curing {@q1 !q}
 o - 6 potions of brilliance
 q - a potion of magic
 t - 11 potions of lignification {@q6}
 z - a potion of berserk rage
 H - 9 potions of heal wounds {@q2 !q}
 K - 5 potions of mutation
 M - 9 potions of ambrosia
 P - 8 potions of attraction
 U - 5 potions of cancellation
 V - 3 potions of invisibility
 Y - 3 potions of resistance
Miscellaneous
 k - a tin of tremorstones (2/2)
   (You found it on level 5 of the Lair of Beasts)
 r - a lightning rod (4/4)
   (You found it on level 1 of the Spider Nest)
 J - a piece from Xom's chessboard (15/15)
   (You found it on level 9 of the Dungeon)
 Q - a condenser vane
   (You found it on level 1 of the Swamp)
 T - a phial of floods
   (You found it on level 3 of the Elven Halls)


   Skills:
 - Level 18.0 Fighting
 - Level 12.0 Armour
 + Level 12.9 Dodging
 - Level 4.0 Stealth
 - Level 15.0 Shields
 - Level 16.0 Spellcasting
 - Level 2.0 Hexes
 O Level 27 Summonings
 - Level 12.0 Necromancy
 - Level 6.0 Air Magic
 - Level 15.0 Invocations
 - Level 8.0 Evocations


You had 10 spell levels left.
You knew the following spells:

 Your Spells              Type           Power      Damage    Failure   Level
a - Haunt                 Necr/Summ      47%        N/A       1%          7
b - Summon Cactus Giant   Summ           55%        N/A       0%          5
c - Monstrous Menagerie   Summ           55%        N/A       1%          7
d - Call Canine Familiar  Summ           100%       N/A       0%          3
e - Summon Mana Viper     Hex/Summ       82%        N/A       1%          5
g - Dragon's Call         Summ           55%        N/A       6%          9
s - Summon Horrible Thin  Summ           55%        N/A       1%          8
z - Summon Small Mammal   Summ           100%       N/A       0%          1
Y - Blink                 Tloc           N/A        N/A       6%          2

Your spell library contained the following spells:

 Spells                   Type           Power      Damage    Failure   Level
 Call Imp                 Summ           100%       N/A       0%          2
 Animate Skeleton         Necr           100%       N/A       1%          1
 Corona                   Hex            37%        N/A       1%          1
 Pain                     Necr           100%       1d9       1%          1
 Shock                    Conj/Air       100%       1d9       1%          1
 Corpse Rot               Necr/Air       N/A        N/A       1%          2
 Poisonous Vapours        Pois/Air       80%        N/A       1%          2
 Static Discharge         Conj/Air       40%        N/A       1%          2
 Sublimation of Blood     Necr           37%        N/A       1%          2
 Summon Guardian Golem    Hex/Summ       82%        N/A       1%          3
 Swiftness                Air            55%        N/A       1%          3
 Vampiric Draining        Necr           37%        2d11      1%          3
 Animate Armour           Summ/Erth      100%       N/A       1%          4
 Animate Dead             Necr           37%        N/A       1%          4
 Dispel Undead            Necr           75%        3d25      1%          4
 Summon Ice Beast         Ice/Summ       79%        N/A       1%          4
 Summon Lightning Spire   Summ/Air       87%        N/A       1%          4
 Agony                    Necr           75%        N/A       1%          5
 Excruciating Wounds      Necr           37%        N/A       1%          5
 Summon Forest            Summ/Tloc      39%        N/A       1%          5
 Summon Hydra             Summ           55%        N/A       1%          7
 Slow                     Hex            34%        N/A       2%          2
 Apportation              Tloc           46%        N/A       3%          1
 Foxfire                  Conj/Fire      92%        2x1d8     3%          1
 Freeze                   Ice            92%        1d10      3%          1
 Airstrike                Air            27%        N/A       3%          4
 Confusing Touch          Hex            34%        N/A       4%          3
 Mephitic Cloud           Conj/Pois/Air  34%        N/A       4%          3
 Death Channel            Necr           37%        N/A       4%          6
 Dazzling Flash           Conj/Hex       58%        N/A       8%          3
 Inner Flame              Hex/Fire       29%        N/A       8%          3
 Portal Projectile        Hex/Tloc       58%        N/A       8%          3
 Borgnjor's Vile Clutch   Necr/Erth      27%        N/A       9%          5
 Conjure Flame            Conj/Fire      23%        6-21      12%         3
 Frozen Ramparts          Ice            46%        1d6       12%         3
 Gell's Gravitas          Tloc           11%        N/A       12%         3
 Ignite Poison            Fire/Tmut/Pois 23%        N/A       12%         3
 Lesser Beckoning         Tloc           23%        N/A       12%         3
 Ozocubu's Armour         Ice            23%        N/A       12%         3
 Stone Arrow              Conj/Erth      46%        3d9       12%         3
 Teleport Other           Tloc           23%        N/A       12%         3
 Malign Gateway           Summ/Tloc      39%        N/A       13%         7
 Spellforged Servitor     Conj/Summ      39%        N/A       13%         7
 Cause Fear               Hex            17%        N/A       17%         4
 Silence                  Hex/Air        23%        N/A       21%         5
 Fulminant Prism          Conj/Hex       14%        3d9       26%         4
 Leda's Liquefaction      Hex/Erth       14%        N/A       26%         4
 Lightning Bolt           Conj/Air       20%        1d35      30%         5
 Hailstorm                Conj/Ice       23%        3d7       36%         4
 Ice Form                 Ice/Tmut       23%        N/A       36%         4
 Iskenderun's Mystic Bla  Conj/Tloc      23%        2d6       36%         4
 Olgreb's Toxic Radiance  Pois           23%        N/A       36%         4
 Petrify                  Tmut/Erth      23%        N/A       36%         4
 Sticky Flame             Conj/Fire      23%        2d4       36%         4
 Freezing Cloud           Conj/Ice/Air   17%        6-21      43%         5
 Simulacrum               Ice/Necr       27%        N/A       45%         6
 Metabolic Englaciation   Hex/Ice        14%        N/A       56%         5
 Yara's Violent Unravell  Hex/Tmut       14%        3d7       56%         5
 Alistair's Intoxication  Tmut/Pois      15%        N/A       71%         5
 Blade Hands              Tmut           11%        N/A       71%         5
 Bolt of Magma            Conj/Fire/Erth 11%        4d7       71%         5
 Iskenderun's Battlesphe  Conj           23%        2d8       71%         5
 Lee's Rapid Deconstruct  Erth           11%        3d9*      71%         5
 Conjure Ball Lightning   Conj/Air       20%        3x3d6     86%         6
 Borgnjor's Revivificati  Necr           37%        N/A       88%         8
 Infestation              Necr           37%        N/A       88%         8
 Dispersal                Tloc           11%        N/A       99%         6
 Eringya's Noxious Bog    Tmut/Pois      11%        N/A       99%         6
 Iron Shot                Conj/Erth      11%        9d3       99%         6
 Starburst                Conj/Fire      11%        6d5       99%         6
 Statue Form              Tmut/Erth      15%        N/A       99%         6
 Orb of Destruction       Conj           11%        9d5       100%        7
 Ozocubu's Refrigeration  Ice            11%        4d7       100%        7
 Storm Form               Tmut/Air       20%        N/A       100%        7
 Discord                  Hex            17%        N/A       100%        8
 Ignition                 Fire           11%        3d5       100%        8
 Lehudib's Crystal Spear  Conj/Erth      11%        10d4      100%        8
 Maxwell's Capacitive Co  Air            27%        ∞         100%        8
 Necromutation            Tmut/Necr      27%        N/A       100%        8
 Chain Lightning          Conj/Air       20%        3d26      100%        9
 Death's Door             Necr           37%        N/A       100%        9
 Fire Storm               Conj/Fire      11%        8d3       100%        9
 Polar Vortex             Ice            11%        N/A       100%        9


Dungeon Overview and Level Annotations

Branches:
Dungeon (15/15)            Temple (1/1) D:7            Lair (6/6) D:10
  Swamp (4/4) Lair:3       Spider (4/4) Lair:3        Slime (0/5) Lair:5
    Orc (2/2) D:9             Elf (3/3) Orc:2        Vaults (5/5) D:14
  Crypt (0/3) Vaults:2     Depths (5/5) D:15            Zot (1/5) Depths:5
Ossuary (visited)           IceCv (visited)         Volcano (visited)
Gauntlet (visited)

Altars:
Ashenzari
Cheibriados
Dithmenos
Elyvilon
Fedhas
Gozag
Hepliaklqana
Kikubaaqudgha
Makhleb
Nemelex Xobeh
Okawaru
Qazlal
Ru
Sif Muna
Trog
Uskayaw
Vehumet
Wu Jian
Xom
Yredelemnul
Zin
The Shining One
Beogh
Jiyva
Lugonu

Shops:
D:10 *   Orc:2 :!:[   Elf:1 *   Vaults:1 *   Vaults:2 *

Portals:
Hell: Depths:1 Depths:2 Depths:4 Depths:5
Abyss: Depths:4
Pandemonium: Depths:2
Ziggurat: Depths:1

Annotations:
D:8 1 runed translucent door, voshxx's ghost, novice DESu
Elf:2 3 runed translucent doors
Zot:1 1 exclusion


Innate Abilities, Weirdness & Mutations

You have a beak for a mouth.
You have claws for feet.
Your magical nature lets you fly swiftly and evasively.


Message History

The shadow dragon barely misses your wraith.
The shadow dragon claws your wraith but does no damage.
Something hits your wraith!
Your tentacled monstrosity is engulfed in blazing flames.
Your tentacled monstrosity tentacle-slaps something.
Your tentacled monstrosity tentacle-slaps something!
Your tentacled monstrosity tentacle-slaps something.
Your tentacled monstrosity grabs something.
Your tentacled monstrosity constricts something!
Aiming: Corrosive Bolt
Press: ? - help, Shift-Dir - straight line, f - purple draconian scorcher
Aim: a purple draconian scorcher, wielding a +0 whip and wearing a +0 cloak (moderately wounded, slow, 67% to hit)
The bolt of acid hits the purple draconian scorcher!
The purple draconian scorcher is heavily wounded.
You feel less invigorated.
You feel you are being watched by something.
You feel your power leaking away.
Something hits your tentacled monstrosity. x2
Something barely misses your tentacled monstrosity.
The purple draconian scorcher breathes dispelling energy at you.
The bolt of dispelling energy misses you.
Your wraith hits the shadow dragon but does no damage.
The shadow dragon bites your wraith!
Your wraith is destroyed!
Your tentacled monstrosity is engulfed in blazing flames.
Your tentacled monstrosity tentacle-slaps something. x2
Your tentacled monstrosity tentacle-slaps something but does no damage.
Your tentacled monstrosity constricts something!
Aiming: Corrosive Bolt
Press: ? - help, Shift-Dir - straight line, f/p - purple draconian scorcher
Aim: a purple draconian scorcher, wielding a +0 whip and wearing a +0 cloak (heavily wounded, slow, catching its breath, 67% to hit)
The bolt of acid misses the purple draconian scorcher.
Something hits your tentacled monstrosity.
Something hits your tentacled monstrosity!
Something barely misses your tentacled monstrosity.
The purple draconian scorcher points at you and mumbles some strange words.
The fireball explodes!
The fireball engulfs you but does no damage.
You resist.
Something hits your tentacled monstrosity but does no damage.
Something hits your tentacled monstrosity.
Something stings your tentacled monstrosity!
Your tentacled monstrosity is engulfed in blazing flames.
Your tentacled monstrosity tentacle-slaps something but does no damage.
Your tentacled monstrosity tentacle-slaps something!
Your tentacled monstrosity tentacle-slaps something.
Sif Muna accepts your kill.
You feel a bit more experienced.
Aiming: Corrosive Bolt
Press: ? - help, Shift-Dir - straight line, f/p - purple draconian scorcher
Aim: a purple draconian scorcher, wielding a +0 whip and wearing a +0 cloak (heavily wounded, slow, catching its breath, ally target, 67% to hit)
The bolt of acid misses the purple draconian scorcher.
You are no longer corroded.
The white draconian shifter casts a spell at you.
You blink.
The shadow dragon bites your tentacled monstrosity!
The shadow dragon claws your tentacled monstrosity! x2
The green draconian annihilator casts a spell.
The green draconian annihilator blinks!
Your tentacled monstrosity is engulfed in blazing flames.
Your tentacled monstrosity tentacle-slaps the shadow dragon! x3
Your tentacled monstrosity grabs the shadow dragon.
Your tentacled monstrosity constricts the shadow dragon.
Casting: Summon Horrible Things (mildly dangerous; 1% risk of failure)
Confirm with . or Enter, or press ? or * to list all spells.
You blink.
A purple draconian comes into view. It is wielding a +0 battleaxe.
The white draconian shifter gestures at you while chanting.
You blink.
The shadow dragon bites your tentacled monstrosity.
The shadow dragon claws your tentacled monstrosity!
The shadow dragon claws your tentacled monstrosity.
Your tentacled monstrosity is engulfed in blazing flames.
Your tentacled monstrosity tentacle-slaps the shadow dragon but does no damage.
Your tentacled monstrosity tentacle-slaps the shadow dragon. x2
The shadow dragon dies!
Sif Muna accepts your kill.
The purple draconian moves out of view.
Aiming: Corrosive Bolt
Press: ? - help, Shift-Dir - straight line, f/p - purple draconian scorcher
Aim: a purple draconian scorcher, wielding a +0 whip and wearing a +0 cloak (heavily wounded, slow, ally target, 67% to hit)
The bolt of acid hits the purple draconian scorcher!!
The acid corrodes the purple draconian scorcher!
The purple draconian scorcher is severely wounded.
The purple draconian scorcher is no longer moving slowly.
The white draconian shifter casts a spell at you.
You resist with almost no effort.
The purple draconian scorcher casts a spell at you.
The sphere of damnation explodes!
The damnation engulfs you!!!
* * * LOW HITPOINT WARNING * * *
Your tentacled monstrosity is engulfed in blazing flames.
Your tentacled monstrosity dies!
Really quaff
H - 10 potions of heal wounds {@q2 !q}?
You feel much better.
The white draconian shifter gestures at you while chanting.
The red draconian blinks!
The purple draconian blinks!
The green draconian annihilator blinks into view!
The green draconian annihilator points at you and mumbles some strange words.
The crystal spear hits you!!!
You die...

...# #⌠.# #..#
#..# #..# #..#
###..# #..# #..#
:....# #..####).#
.....# #...d.§°q#
###))####..q..q..#
#.).)....####..#
#⌠.......# #qd#
#..####..# #d@#
#..# #..# ####
#..# #..# ####
#..# #..# #..#


You could see a purple draconian, a red draconian, a white draconian shifter
(very poisoned), a green draconian annihilator (slow) and a purple draconian
scorcher (corroded).

Vanquished Creatures
  A deep elf blademaster (Elf:3)
  A deep elf sorcerer (Elf:3)
  A ghost moth (Spider:4)
  An emperor scorpion (Spider:4)
  3 ironbound preservers (Vaults:1)
  A very ugly thing (Vaults:1)
  2 deep elf annihilators
  A black draconian (Zot:1)
  A minotaur (Gauntlet)
  The ghost of Disaer the Grappler, a journeyman TrMo of Jiyva (Lair:3)
  A catoblepas (Lair:6)
  5 centaur warriors
  A ghost crab (Gauntlet)
  A two-headed ogre (D:15)
  The ghost of Lonelite the Thaumaturge, a journeyman DECj of Kikubaaqudgha (Lair:3)
  A death yak (Lair:4)
  4 deep elf knights
  A hell knight (Vaults:1)
  3 deep trolls
  2 ironbound convokers
  A necromancer (Vaults:1)
  An orc knight (Vaults:5)
  A deep elf pyromancer (D:14)
  A salamander (Depths:4)
  A moth of wrath (Zot:1)
  A wolf spider (D:15)
  A manticore (D:14)
  A black mamba (Lair:2)
  3 gargoyles (Volcano)
  8 nameless horrors
  8 yaktaurs
  A jumping spider (Spider:1)
  A polar bear (Lair:1)
  A troll (Orc:1)
  A hornet (Spider:4)
  Grinder (D:5)
  A blink frog (Lair:1)
  A slime creature (Vaults:1)
  An alligator skeleton (Volcano)
  A tarantella (Spider:1)
  2 redbacks
  4 yaks
  A golden eye (shapeshifter) (D:14)
  A swamp worm (Gauntlet)
  4 water moccasins
  2 orc warriors (Orc:2)
  A black bear (D:6)
  2 sky beasts
  6 wolves
  4 centaurs
  6 bullfrogs
  An elf skeleton (D:5)
  An elephant simulacrum (IceCv)
  A wight (Ossuary)
  3 spriggan skeletons (Volcano)
  A centaur zombie (D:9)
  A jelly (D:8)
  A hound (D:7)
  2 orc priests (D:8)
  2 centaur skeletons (D:7)
  A scorpion zombie (D:5)
  An orc wizard (D:8)
  A naga skeleton (Volcano)
  A gnoll (D:4)
  An adder (D:6)
  19 orcs
  2 ball pythons
  2 endoplasms
  2 goblins
  3 hobgoblins
  A jackal (D:5)
  3 kobolds
  A quokka (D:1)
  2 ball python skeletons (Ossuary)
  A frilled lizard (D:2)
  A hobgoblin skeleton (Ossuary)
  3 kobold zombies (Ossuary)
  2 orc skeletons
  3 rats (D:1)
165 creatures vanquished.

Vanquished Creatures (collateral kills)
  Frederick (Vaults:4)
  Xtahua (Depths:4)
  8 golden dragons
  the Enchantress (Depths:1)
  Rupert (Spider:1)
  7 tentacled monstrosities
  5 quicksilver dragons
  5 titans
  2 liches
  A deep elf blademaster (Elf:3)
  A deep elf master archer (Elf:3)
  3 death cobs (Zot:1)
  2 sphinxes
  Gastronok (D:8)
  Agnes (D:15)
  6 tengu reavers
  3 thorn hunters
  Donald (Spider:3)
  6 storm dragons
  A fenstrider witch (Swamp:4)
  A draconian knight (Zot:1)
  7 shadow dragons
  A nagaraja (Depths:2)
  2 draconian monks
  2 ghost moths
  5 fire giants
  10 deep elf sorcerers
  2 emperor scorpions
  Louise (Swamp:3)
  6 frost giants
  19 vault wardens
  3 draconian scorchers
  A juggernaut zombie (Depths:2)
  2 iron dragons
  7 spectral caustic shrikes
  3 spectral juggernauts (Depths:3)
  5 ghouls
  4 orc warlords
  2 draconian stormcallers (Zot:1)
  2 balrugs
  16 very ugly things
  A draconian annihilator (Zot:1)
  6 deep elf elementalists (Elf:3)
  17 ironbound preservers
  11 stone giants
  A war gargoyle (Vaults:3)
  3 spriggan defenders (Depths:1)
  A vampire knight (Depths:5)
  2 green draconians (Depths:5)
  6 deep elf demonologists (Elf:3)
  2 black draconians (Zot:1)
  3 white draconians
  A spark wasp (shapeshifter) (Vaults:5)
  3 purple draconians
  2 yellow draconians (Zot:1)
  9 spark wasps
  10 bunyips
  3 entropy weavers
  12 deep elf annihilators
  3 red draconians
  2 dire elephants (Vaults:3)
  8 deep elf death magi
  2 crystal guardians
  2 eleionomae
  2 green deaths (Swamp:4)
  9 fire dragons
  14 yaktaur captains
  7 deep elf high priests
  3 spectral golden dragons (Depths:3)
  Josephine (Swamp:1)
  Harold (D:8)
  A fire dragon (shapeshifter) (Depths:4)
  11 ettins
  10 hydras
  6 ice dragons
  Fannar (Lair:1)
  3 rakshasas
  7 great orbs of eyes
  8 ironbound thunderhulks
  A merfolk avatar (Lair:6)
  3 spectral tengu (Depths:3)
  12 boulder beetles
  5 peacekeepers
  2 hell beasts
  28 vault guards
  A naga warrior (Depths:2)
  6 ogre magi
  6 ironbound frosthearts
  A juggernaut simulacrum (Depths:3)
  5 spriggan air magi
  3 ghost crabs
  Erica (D:8)
  An anaconda (Depths:2)
  3 death knights
  12 two-headed ogres
  17 centaur warriors
  A two-headed ogre (shapeshifter) (Vaults:2)
  13 death yaks
  A catoblepas (D:14)
  4 tengu warriors
  6 deep troll earth magi
  5 deep troll shamans
  A spectral storm dragon (Depths:3)
  A vampire mage (Depths:1)
  18 dancing weapons
  9 alligators
  2 ironbound beastmasters
  4 orc high priests
  3 spriggan berserkers
  2 soul eaters
  20 deep elf knights
  12 hell knights
  A salamander mystic (Depths:4)
  15 skeletal warriors
  A sun demon (Depths:2)
  2 spectral spark wasps (Depths:3)
  A shadow demon (Depths:2)
  3 iron trolls
  A glowing orange brain (Vaults:3)
  43 deep trolls
  7 bog bodies
  10 deep elf archers
  5 goliath frogs
  5 spriggan druids
  8 lindwurms
  A golden dragon skeleton (Depths:2)
  An anaconda skeleton (Volcano)
  8 swamp dragons
  17 wizards
  6 phantasmal warriors
  2 flayed ghosts (Depths:3)
  3 necromancers
  A harpy (Lair:6)
  A lindwurm (shapeshifter) (Vaults:5)
  23 deep elf pyromancers
  A sphinx zombie (Vaults:2)
  34 deep elf zephyrmancers
  19 ironbound convokers
  A wolf spider zombie (D:14)
  17 orc knights
  A stone giant zombie (Depths:2)
  A mana viper (shapeshifter) (D:15)
  4 will-o-the-wisps
  22 wolf spiders
  20 orb spiders
  3 salamanders
  5 orc sorcerers
  8 moths of wrath
  16 nameless horrors
  4 cyclopes
  A shadow dragon skeleton (Depths:2)
  A fire giant skeleton (Depths:2)
  2 manticores (D:14)
  45 ugly things
  A frost giant skeleton (Vaults:2)
  19 vault sentinels
  12 cane toads
  A black mamba (Lair:2)
  2 spectral elves (Depths:3)
  3 gargoyles
  A guardian serpent (shapeshifter) (D:14)
  A black mamba (shapeshifter) (D:14)
  3 naga magi (Depths:2)
  2 orange demons (Swamp:4)
  2 torpor snails (Spider:1)
  6 rime drakes
  2 guardian mummies
  8 freezing wraiths
  2 spectral glowing shapeshifters (Depths:3)
  A tengu conjurer (Depths:1)
  A yaktaur skeleton (Vaults:2)
  31 yaktaurs
  19 demonic crawlers
  6 komodo dragons
  14 trolls
  A queen bee (Spider:3)
  5 tyrant leeches
  3 wind drakes (Lair:6)
  9 meliai
  4 polar bears
  28 jumping spiders
  22 hornets
  A harpy skeleton (Volcano)
  13 blink frogs
  27 slime creatures
  A slime creature (shapeshifter) (Depths:5)
  2 snapping turtles (Lair:6)
  9 water elementals
  2 alligator skeletons (Volcano)
  14 spriggans
  2 flying skulls (Volcano)
  3 large abominations (Swamp:4)
  An ettin skeleton (Vaults:2)
  7 wyverns
  A wyvern (shapeshifter) (D:14)
  73 redbacks
  4 shadows
  3 fire elementals
  52 yaks
  A spriggan (shapeshifter) (D:15)
  30 tarantellas
  10 wraiths
  2 fire bats (Depths:4)
  Eustachio (D:5)
  A dire elephant simulacrum (IceCv)
  A basilisk (shapeshifter) (D:12)
  A golden eye (shapeshifter) (Vaults:5)
  4 basilisks
  4 steam dragons
  11 vampire mosquitoes
  19 swamp worms
  2 wargs (D:15)
  Menkaure (D:7)
  An acid dragon (D:12)
  A naga (shapeshifter) (D:14)
  A swamp worm (shapeshifter) (D:15)
  Edmund (D:6)
  12 water moccasins
  A floating eye (shapeshifter) (Vaults:5)
  23 orc warriors
  2 ice beasts
  2 sky beasts
  5 black bears
  3 ogres
  A boggart (D:14)
  2 necrophages (Swamp:4)
  21 centaurs
  15 wolves
  A phantom (D:6)
  A gnoll sergeant (D:10)
  3 kobold brigands (D:8)
  6 bullfrogs
  6 elf skeletons
  2 cane toad simulacra (IceCv)
  2 water moccasin zombies (D:5)
  12 wights
  22 killer bees (Spider:3)
  A howler monkey (D:5)
  A spriggan skeleton (Volcano)
  6 electric eels
  6 centaur zombies
  4 hounds
  A human zombie (D:5)
  2 bullfrog skeletons
  17 orc priests
  2 centaur skeletons
  7 human skeletons
  17 orc wizards
  An iguana (D:5)
  2 hell rats (Lair:1)
  A wolf simulacrum (IceCv)
  A mummy (D:14)
  A naga skeleton (Volcano)
  A hound skeleton (D:5)
  6 gnolls
  2 adders (D:4)
  6 river rats (Lair:1)
  12 white imps (Lair:3)
  2 ufetubi
  2 adder skeletons
  2 worms (D:4)
  A dart slug (D:5)
  71 orcs
  4 endoplasms
  7 goblins
  3 hobgoblins
  5 jackals
  A quokka (D:3)
  3 ball pythons
  A bat (D:1)
  16 kobolds
  An orc zombie (Ossuary)
  4 rats
  2 briar patches (Depths:2)
1811 creatures vanquished.

Vanquished Creatures (others)
  2 death cobs (Zot:1)
  2 black draconians (Zot:1)
  A hell knight (Vaults:1)
  A spriggan druid (Swamp:1)
  A wizard (Vaults:4)
  A lindwurm (Depths:2)
  An ironbound convoker (Vaults:5)
  2 yaktaurs
  2 bloated husks
  A hornet (Depths:2)
  A flying skull (Volcano)
  A spriggan (Swamp:4)
  A black bear (D:4)
  An elf zombie (D:5)
  An iguana (D:6)
  An adder (D:4)
  A briar patch (Depths:2)
  2 bushes (Lair:6)
  4 demonic plants (Gauntlet)
  9 foxfires
  44 fungi
  111 plants
  9 withered plants
200 creatures vanquished.

Grand Total: 2176 creatures vanquished

Notes
Turn   | Place    | Note
-------+----------+-------------------------------------------
     0 | D:1      | EnegeticOcto the Tengu Summoner began the quest for the
                  | Orb.
     0 | D:1      | Reached XP level 1. HP: 10/10 MP: 4/4
   405 | D:1      | Reached XP level 2. HP: 15/15 MP: 0/6
   479 | D:1      | Learned a level 2 spell: Call Imp
   498 | D:1      | Reached skill level 3 in Stealth
  1133 | D:2      | Reached skill level 3 in Spellcasting
  1133 | D:2      | Reached skill level 5 in Summonings
  1133 | D:2      | Reached XP level 3. HP: 20/20 MP: 3/8
  1145 | D:2      | Reached skill level 1 in Fighting
  1254 | D:2      | Learned a level 3 spell: Call Canine Familiar
  1331 | D:2      | Reached XP level 4. HP: 25/25 MP: 4/9
  1902 | D:3      | Found a faded altar of an unknown god.
  2443 | D:3      | Learned a level 3 spell: Summon Guardian Golem
  2562 | D:4      | Gained mutation: Your magical nature lets you fly swiftly
                  | and evasively. [Tengu growth]
  2562 | D:4      | Reached XP level 5. HP: 29/29 MP: 2/10
  2661 | D:4      | Reached skill level 1 in Hexes
  2661 | D:4      | Reached skill level 6 in Summonings
  2986 | D:4      | Reached XP level 6. HP: 22/34 MP: 6/11
  3120 | D:4      | Reached skill level 2 in Hexes
  3294 | D:4      | Reached skill level 7 in Summonings
  3426 | D:4      | Noticed a black bear
  3569 | D:4      | Killed a black bear
  3730 | D:4      | Reached skill level 8 in Summonings
  3730 | D:4      | Reached XP level 7. HP: 38/38 MP: 9/12
  4137 | D:5      | Entered Level 5 of the Dungeon
  4185 | D:5      | Reached skill level 2 in Fighting
  4358 | D:5      | Noticed Grinder
  4384 | D:5      | Killed Grinder
  4385 | D:5      | Reached skill level 4 in Spellcasting
  4385 | D:5      | Reached skill level 3 in Fighting
  4420 | D:5      | Reached skill level 4 in Stealth
  4425 | D:5      | Learned a level 4 spell: Summon Lightning Spire
  4441 | D:5      | Found a sand-covered staircase.
  4489 | D:5      | Reached skill level 2 in Air Magic
  4489 | D:5      | Reached XP level 8. HP: 34/46 MP: 4/15
  4510 | Ossuary  | Entered an ossuary
  4679 | Ossuary  | Reached skill level 3 in Air Magic
  4803 | Ossuary  | Reached skill level 4 in Air Magic
  4838 | Ossuary  | Noticed a flying skull
  4838 | Ossuary  | Noticed a wraith
  4844 | Ossuary  | Noticed a flying skull
  4851 | Ossuary  | Noticed a flying skull
  5031 | Ossuary  | Noticed a flying skull
  5035 | Ossuary  | Noticed a wraith
  5066 | Ossuary  | Killed a wraith
  5067 | Ossuary  | Reached skill level 6 in Air Magic
  5120 | Ossuary  | Noticed a wraith
  5135 | Ossuary  | Killed a wraith
  5281 | D:5      | Reached skill level 9 in Summonings
  5425 | D:5      | Reached skill level 4 in Fighting
  5761 | D:5      | Reached skill level 5 in Fighting
  5761 | D:5      | Reached XP level 9. HP: 54/54 MP: 12/16
  5871 | D:5      | Reached skill level 1 in Evocations
  5891 | D:5      | Noticed Eustachio
  5910 | D:5      | Killed Eustachio
  5911 | D:5      | Reached skill level 2 in Evocations
  6205 | D:6      | Noticed Edmund
  6212 | D:6      | Killed Edmund
  6213 | D:6      | Reached skill level 3 in Evocations
  6299 | D:6      | Reached skill level 4 in Evocations
  6306 | D:6      | Reached skill level 10 in Summonings
  6575 | D:6      | Reached skill level 11 in Summonings
  6600 | D:6      | You are sucked into a shaft and drop 2 floors!
  6640 | D:8      | Noticed Harold
  6663 | D:7      | Found a staircase to the Ecumenical Temple.
  6672 | Temple   | Entered the Ecumenical Temple
  6749 | D:7      | Noticed a hornet
  6764 | D:7      | Killed a hornet
  6839 | D:6      | Reached XP level 10. HP: 59/59 MP: 14/17
  6865 | D:6      | Reached skill level 12 in Summonings
  6869 | D:6      | Reached skill level 3 in Dodging
  6960 | D:6      | Reached skill level 4 in Dodging
  7293 | D:7      | Reached skill level 5 in Dodging
  7449 | D:7      | Noticed Menkaure
  7456 | D:7      | Killed Menkaure
  7753 | D:7      | Reached skill level 6 in Dodging
  8341 | D:8      | Noticed Erica
  8371 | D:8      | Killed Erica
  8372 | D:8      | Reached skill level 5 in Spellcasting
  8383 | D:8      | Killed Harold
  8384 | D:8      | Reached skill level 6 in Spellcasting
  9196 | D:8      | Found a runed translucent door.
  9196 | D:8      | Noticed voshxx's ghost (novice DESu)
  9424 | D:8      | Noticed Gastronok
  9469 | D:8      | Reached skill level 13 in Summonings
  9716 | D:8      | Killed Gastronok
  9717 | D:8      | Reached skill level 7 in Fighting
  9717 | D:8      | Reached XP level 11. HP: 67/67 MP: 12/21
 10223 | D:8      | Found a shimmering blue altar of Sif Muna.
 10223 | D:8      | Found a snail-covered altar of Cheibriados.
 10648 | D:9      | Noticed a two-headed ogre
 10681 | D:9      | Killed a two-headed ogre
 10682 | D:9      | Reached skill level 14 in Summonings
 10785 | D:9      | Reached skill level 7 in Dodging
 10846 | D:9      | Found a staircase to the Orcish Mines.
 10866 | D:9      | Identified the +1 robe "Rivar" {Will+ Str+4 Int-4}
 11414 | D:10     | Entered Level 10 of the Dungeon
 11488 | D:10     | Reached skill level 8 in Dodging
 11679 | D:10     | Reached skill level 8 in Fighting
 11709 | D:10     | Found a staircase to the Lair.
 11744 | D:10     | Found Giefei Qied's Assorted Antiques.
 11750 | D:10     | Bought a scroll of immolation for 98 gold pieces
 11750 | D:10     | Bought a wand of iceblast (11) for 112 gold pieces
 11750 | D:10     | Bought a golden ring for 140 gold pieces
 11750 | D:10     | Bought a scroll of teleportation for 84 gold pieces
 12010 | D:10     | Noticed a two-headed ogre
 12038 | D:10     | Killed a two-headed ogre
 12039 | D:10     | Reached skill level 2 in Shields
 12124 | D:10     | Found a broken altar of Ashenzari.
 12126 | D:10     | Found a blossoming altar of Fedhas.
 12247 | D:8      | Became a worshipper of Sif Muna the Loreminder
 12326 | Lair:1   | Entered Level 1 of the Lair of Beasts
 12376 | Lair:1   | Reached XP level 12. HP: 75/75 MP: 22/22
 12537 | Lair:1   | Reached skill level 3 in Shields
 12582 | Lair:1   | Noticed a four-headed hydra
 12603 | Lair:1   | Killed a four-headed hydra
 12604 | Lair:1   | Reached skill level 9 in Fighting
 12604 | Lair:1   | Reached skill level 4 in Shields
 12900 | Lair:1   | Noticed Fannar
 12926 | Lair:1   | Reached skill level 5 in Shields
 13486 | Lair:1   | Killed Fannar
 13487 | Lair:1   | Reached skill level 6 in Shields
 13908 | Lair:2   | Found a gate leading to a gauntlet.
 13917 | Gauntlet | Entered a Gauntlet
 13917 | Gauntlet | Found a transporter.
 13917 | Gauntlet | Found a transporter.
 13932 | Gauntlet | Found a transporter.
 13947 | Gauntlet | Noticed a ghost crab
 13948 | Gauntlet | Found a transporter.
 13948 | Gauntlet | Found a transporter.
 13948 | Gauntlet | Found a transporter.
 13951 | Gauntlet | Found a transporter.
 13951 | Gauntlet | Found a transporter.
 13952 | Gauntlet | Noticed a hell hog
 13953 | Gauntlet | Noticed a dire elephant
 13963 | Gauntlet | Found a transporter.
 13981 | Gauntlet | Found a transporter.
 13990 | Gauntlet | Noticed a quicksilver dragon
 13990 | Gauntlet | Noticed a storm dragon
 13990 | Gauntlet | a quicksilver dragon changed into a storm dragon
 13991 | Gauntlet | Found a transporter.
 13991 | Gauntlet | Noticed a quicksilver ooze
 13991 | Gauntlet | a storm dragon changed into a quicksilver ooze
 13993 | Gauntlet | Noticed a spark wasp
 13993 | Gauntlet | a quicksilver ooze changed into a spark wasp
 13997 | Gauntlet | a spark wasp changed into something unseen
 14007 | Gauntlet | Found a transporter.
 14010 | Gauntlet | Noticed a great orb of eyes
 14013 | Gauntlet | Noticed an alligator
 14013 | Gauntlet | a great orb of eyes changed into an alligator
 14017 | Gauntlet | Noticed a bunyip
 14017 | Gauntlet | an alligator changed into a bunyip
 14029 | Gauntlet | Found a transporter.
 14038 | Gauntlet | Found a runed translucent door.
 14038 | Gauntlet | Found a runed translucent door.
 14042 | Gauntlet | Found a transporter.
 14099 | Gauntlet | Reached skill level 7 in Shields
 14194 | Gauntlet | Got First Steps in Sorcery
 14229 | Gauntlet | Killed a ghost crab
 14229 | Gauntlet | Reached * piety under Sif Muna
 14306 | Gauntlet | Noticed a minotaur
 14314 | Gauntlet | Killed a minotaur
 14315 | Gauntlet | Reached skill level 8 in Shields
 14315 | Gauntlet | Reached skill level 1 in Armour
 14453 | Gauntlet | Learned a level 7 spell: Monstrous Menagerie
 14747 | Lair:2   | Noticed a death yak
 14748 | Lair:2   | Noticed a death yak
 14749 | Lair:2   | Noticed a death yak
 14750 | Lair:2   | Noticed a death yak
 14752 | Lair:2   | Noticed a death yak
 14758 | Lair:2   | Killed a death yak
 14759 | Lair:2   | Reached skill level 15 in Summonings
 14811 | Lair:2   | Killed a death yak
 14812 | Lair:2   | Reached XP level 13. HP: 80/80 MP: 14/23
 14819 | Lair:2   | Reached skill level 16 in Summonings
 15314 | Lair:3   | Found a runed translucent gate.
 15314 | Lair:3   | Found a runed translucent gate.
 15315 | Lair:3   | Found a runed translucent gate.
 15318 | Lair:3   | Noticed Lonelite's ghost (journeyman DECj)
 15318 | Lair:3   | Noticed Disaer's ghost (journeyman TrMo)
 15369 | Lair:3   | Found a staircase to the Swamp.
 15376 | Lair:3   | Reached ** piety under Sif Muna
 15465 | Lair:3   | Found a hole to the Spider Nest.
 15525 | Lair:3   | Reached skill level 9 in Shields
 15598 | Lair:3   | Reached skill level 7 in Spellcasting
 15611 | Lair:3   | Found a dark tunnel.
 15664 | Lair:3   | Found a frozen archway.
 15682 | IceCv    | Entered an ice cave
 15698 | IceCv    | Found a transporter.
 15720 | IceCv    | Found a transporter.
 15769 | Volcano  | Entered a volcano
 15872 | Volcano  | Reached *** piety under Sif Muna
 16205 | Volcano  | Reached skill level 1 in Invocations
 16541 | Lair:3   | Reached skill level 8 in Spellcasting
 16730 | Lair:3   | Reached skill level 10 in Shields
 16730 | Lair:3   | Reached skill level 2 in Invocations
 16919 | Lair:3   | Identified the +9 mace of the Elven Halls {antimagic,
                  | Fragile rC++ Stlth+}
 17485 | Lair:3   | Killed Lonelite's ghost
 17486 | Lair:3   | Reached skill level 3 in Invocations
 17495 | Lair:3   | Killed Disaer's ghost
 17649 | Lair:4   | Reached XP level 14. HP: 72/86 MP: 25/27
 17661 | Lair:4   | Reached skill level 4 in Invocations
 17663 | Lair:4   | Reached skill level 9 in Spellcasting
 17771 | Lair:4   | Reached **** piety under Sif Muna
 18484 | Lair:4   | Identified a scroll of acquirement
 18484 | Lair:4   | Acquired a Grand Grimoire
 18492 | Lair:4   | Learned a level 5 spell: Summon Mana Viper
 18519 | Lair:5   | Found a staircase to the Slime Pits.
 18519 | Lair:5   | Found a viscous altar of Jiyva.
 19006 | Lair:5   | You are sucked into a shaft and drop 1 floor!
 19006 | Lair:6   | Entered Level 6 of the Lair of Beasts
 19357 | Lair:6   | Identified the +0 hat of Vopaoleh {rF+ Dex+3}
 19466 | Lair:6   | Reached ***** piety under Sif Muna
 19554 | Lair:6   | Reached skill level 17 in Summonings
 19796 | Lair:6   | Reached skill level 10 in Fighting
 20013 | Lair:6   | Reached skill level 11 in Shields
 20052 | Lair:6   | Received a gift from Sif Muna
 20055 | Lair:6   | Got Sif Muna's Guide on the Glacier and Summoning {god
                  | gift}
 20066 | Lair:6   | Learned a level 5 spell: Summon Cactus Giant
 20480 | Lair:6   | Reached XP level 15. HP: 93/93 MP: 29/29
 21036 | Orc:1    | Entered Level 1 of the Orcish Mines
 22068 | Orc:2    | Entered Level 2 of the Orcish Mines
 22093 | Orc:2    | Reached skill level 11 in Fighting
 22230 | Orc:2    | Found a staircase to the Elven Halls.
 23511 | Orc:2    | Received a gift from Sif Muna
 23514 | Orc:2    | Got Leazxoir's Almanac of the Birds and the Traveller {god
                  | gift}
 23547 | Orc:2    | Reached skill level 18 in Summonings
 23551 | Orc:2    | Reached skill level 12 in Shields
 23828 | Orc:2    | Found Dist's Distillery.
 23828 | Orc:2    | Found Westriyso's Book Emporium.
 23933 | Orc:2    | Found Riadebix's Book Emporium.
 23933 | Orc:2    | Found Lor Siaf's Antique Armour Shop.
 23945 | Orc:2    | Bought a potion of heal wounds for 70 gold pieces
 23945 | Orc:2    | Bought a potion of heal wounds for 70 gold pieces
 23945 | Orc:2    | Bought a potion of resistance for 140 gold pieces
 23945 | Orc:2    | Bought a potion of curing for 42 gold pieces
 23947 | Orc:2    | Bought a shiny kite shield for 210 gold pieces
 24664 | D:11     | Reached skill level 12 in Fighting
 26539 | D:13     | Reached skill level 13 in Shields
 27060 | D:14     | Received a gift from Sif Muna
 27259 | D:14     | Reached XP level 16. HP: 101/101 MP: 9/30
 27480 | D:14     | Reached skill level 14 in Shields
 28697 | D:14     | Reached skill level 15 in Shields
 29267 | D:14     | Found a gate to the Vaults.
 29812 | D:15     | Entered Level 15 of the Dungeon
 29863 | D:15     | Reached skill level 19 in Summonings
 29951 | D:15     | Received a gift from Sif Muna
 29952 | D:15     | Got Sif Muna's Incunabulum of Beguiling and the Compass
                  | {god gift}
 30507 | D:15     | Noticed Agnes
 30514 | D:15     | Killed Agnes
 30524 | D:15     | Reached skill level 20 in Summonings
 30846 | D:15     | Found a staircase to the Depths.
 31437 | Swamp:1  | Entered Level 1 of the Swamp
 31549 | Swamp:1  | Reached XP level 17. HP: 106/106 MP: 22/31
 31900 | Swamp:1  | Noticed Josephine
 31912 | Swamp:1  | Killed Josephine
 33015 | Swamp:2  | Reached skill level 5 in Invocations
 33189 | Swamp:2  | Received a gift from Sif Muna
 33192 | Swamp:2  | Got Sif Muna's Collected Works on Dark Arts and Heat {god
                  | gift}
 33223 | Swamp:2  | Learned a level 7 spell: Haunt
 33301 | Swamp:2  | Reached skill level 2 in Armour
 33303 | Swamp:2  | Reached skill level 1 in Necromancy
 33488 | Swamp:2  | Reached skill level 2 in Necromancy
 33598 | Swamp:2  | Reached skill level 3 in Armour
 34258 | Swamp:3  | Reached skill level 6 in Invocations
 34375 | Swamp:3  | Reached skill level 3 in Necromancy
 34515 | Swamp:3  | Noticed Louise
 34532 | Swamp:3  | Killed Louise
 34887 | Swamp:3  | Noticed a tentacled monstrosity
 34894 | Swamp:3  | Killed a tentacled monstrosity
 34895 | Swamp:3  | Reached skill level 4 in Armour
 34978 | Swamp:3  | Reached skill level 4 in Necromancy
 35861 | Swamp:4  | Entered Level 4 of the Swamp
 36017 | Swamp:4  | Reached skill level 5 in Necromancy
 36079 | Swamp:4  | Reached skill level 7 in Invocations
 36118 | Swamp:4  | Reached skill level 6 in Necromancy
 36537 | Swamp:4  | Reached skill level 8 in Invocations
 36537 | Swamp:4  | Reached XP level 18. HP: 112/112 MP: 21/32
 36542 | Swamp:4  | Reached skill level 7 in Necromancy
 36901 | Swamp:4  | Reached skill level 8 in Necromancy
 37317 | Swamp:4  | Received a gift from Sif Muna
 37320 | Swamp:4  | Got Sif Muna's Compendium of Inference {god gift}
 37396 | Swamp:4  | Reached skill level 9 in Necromancy
 37520 | Swamp:4  | Noticed a tentacled monstrosity
 37550 | Swamp:4  | Killed a tentacled monstrosity
 37651 | Swamp:4  | Got a decaying rune of Zot
 37817 | Swamp:4  | Reached skill level 10 in Necromancy
 38269 | Spider:1 | Entered Level 1 of the Spider Nest
 38460 | Spider:1 | Reached skill level 5 in Armour
 39107 | Spider:1 | Noticed Rupert
 39117 | Spider:1 | Killed Rupert
 39160 | Spider:1 | Reached skill level 6 in Armour
 39313 | Spider:1 | Reached skill level 10 in Spellcasting
 39631 | Spider:1 | Reached skill level 7 in Armour
 39957 | Spider:1 | Received a gift from Sif Muna
 39958 | Spider:1 | Got Sif Muna's Reference Book on Sinister Arts and
                  | Confrontation {god gift}
 41080 | Spider:2 | Reached skill level 8 in Armour
 41396 | Spider:3 | Reached skill level 11 in Spellcasting
 41726 | Spider:3 | Received a gift from Sif Muna
 41727 | Spider:3 | Reached XP level 19. HP: 116/116 MP: 26/35
 41729 | Spider:3 | Got Acla's Grimoire of Dark Earth {god gift}
 41856 | Spider:3 | Noticed Donald
 41861 | Spider:3 | Killed Donald
 42312 | Spider:4 | Entered Level 4 of the Spider Nest
 43031 | Spider:4 | Reached skill level 11 in Necromancy
 44915 | Spider:4 | Got a gossamer rune of Zot
 45257 | Elf:1    | Entered Level 1 of the Elven Halls
 45278 | Elf:1    | Reached skill level 9 in Invocations
 45413 | Elf:1    | Found Tocug's Assorted Antiques.
 45420 | Elf:1    | Bought 2 scrolls of fog for 152 gold pieces
 45420 | Elf:1    | Bought a scroll of teleportation for 114 gold pieces
 45420 | Elf:1    | Bought a scroll of magic mapping for 133 gold pieces
 45765 | Elf:1    | Reached skill level 12 in Necromancy
 45941 | Elf:1    | Reached skill level 12 in Spellcasting
 46393 | Elf:1    | Reached skill level 10 in Invocations
 47874 | Elf:2    | Reached skill level 11 in Invocations
 47994 | Elf:2    | Received a gift from Sif Muna
 47995 | Elf:2    | Got Sif Muna's Volume of Dusty Summoning {god gift}
 48015 | Elf:2    | Reached XP level 20. HP: 84/122 MP: 21/37
 48376 | Elf:2    | Found a runed translucent gate.
 48378 | Elf:2    | Found a runed translucent gate.
 48381 | Elf:2    | Found a runed translucent gate.
 48786 | Elf:3    | Entered Level 3 of the Elven Halls
 49099 | Elf:3    | Reached skill level 21 in Summonings
 49777 | Elf:3    | Found Haulunym's Antique Armour Shop.
 52719 | Elf:3    | Identified the +1 leather armour "Irian" {rF+ Str+3 Dex+3}
 52727 | Elf:3    | Noticed a Tzitzimitl
 53109 | Elf:3    | Reached skill level 12 in Invocations
 53392 | Elf:3    | Identified the ring "Hyhi" {Fire rElec rPois Dex-2 Stlth+}
 53397 | Elf:3    | Identified the +0 leather armour of Dieloess {SInv}
 54227 | Elf:3    | Reached skill level 13 in Fighting
 54443 | Elf:3    | Identified the +8 broad axe "Seesur" {vorpal, rElec rPois
                  | rC+ Dex-2}
 55443 | Elf:3    | Acquired 599 gold pieces
 55592 | Elf:3    | Identified the +6 war axe of Flawed Execution {vorpal,
                  | *Noise rElec Will+++ rCorr}
 55594 | Elf:3    | Noticed a Brimstone Fiend
 56390 | Elf:3    | Reached skill level 22 in Summonings
 56566 | Elf:3    | Found the +0 mask of the Dragon {Will+ Slay+3 SInv}
 56963 | Vaults:1 | Entered Level 1 of the Vaults
 56968 | Vaults:1 | Found Mupamo's Assorted Antiques.
 56976 | Vaults:1 | Bought a scroll of acquirement for 1508 gold pieces
 56976 | Vaults:1 | Bought a potion of haste for 290 gold pieces
 56976 | Vaults:1 | Bought a potion of invisibility for 232 gold pieces
 56976 | Vaults:1 | Bought a scroll of teleportation for 87 gold pieces
 56976 | Vaults:1 | Acquired 842 gold pieces
 57325 | Vaults:1 | Reached XP level 21. HP: 104/131 MP: 9/38
 57491 | Vaults:1 | Reached skill level 14 in Fighting
 57824 | Vaults:1 | Learned a level 8 spell: Summon Horrible Things
 59174 | Vaults:2 | Reached skill level 15 in Fighting
 59601 | Vaults:2 | Reached skill level 23 in Summonings
 59678 | Vaults:2 | Found a staircase to the Crypt.
 59931 | Vaults:2 | Received a gift from Sif Muna
 59934 | Vaults:2 | Got Sif Muna's Disquisition on Attacks and Evil Arts {god
                  | gift}
 61107 | Vaults:2 | Found Zaathrav's Assorted Antiques.
 61111 | Vaults:2 | Bought a wand of digging (5) for 296 gold pieces
 61111 | Vaults:2 | Bought a scroll of fog for 74 gold pieces
 61301 | Vaults:2 | Reached skill level 24 in Summonings
 61731 | Vaults:2 | Reached XP level 22. HP: 140/140 MP: 10/39
 63623 | Vaults:3 | Reached skill level 13 in Spellcasting
 63892 | Vaults:3 | Received a gift from Sif Muna
 63973 | Vaults:3 | Got Ciroukov's Reference Book on Ashen Cold {god gift}
 64787 | Vaults:3 | Found a portal to a secret trove of treasure.
 64804 | Vaults:3 | You paid a toll of 6 scrolls of fear to enter a treasure
                  | trove
 64805 | Trove    | Entered a treasure trove
 66039 | Vaults:4 | Reached skill level 14 in Spellcasting
 66935 | Vaults:4 | Reached skill level 15 in Spellcasting
 67374 | Vaults:4 | Reached XP level 23. HP: 92/144 MP: 43/43
 68008 | Vaults:4 | Noticed Frederick
 68021 | Vaults:4 | Killed Frederick
 68497 | Vaults:4 | Reached skill level 16 in Spellcasting
 68507 | Vaults:4 | Learned a level 9 spell: Dragon's Call
 69032 | Depths:1 | Entered Level 1 of the Depths
 69422 | Depths:1 | Found a sparkling altar of Nemelex Xobeh.
 69439 | Depths:1 | Reached skill level 25 in Summonings
 69727 | Depths:1 | Found a gateway to a ziggurat.
 69893 | Depths:1 | Found a gateway to Hell.
 69904 | Depths:1 | Noticed the Enchantress
 69918 | Depths:1 | Killed the Enchantress
 69921 | Depths:1 | Received a gift from Sif Muna
 69931 | Depths:1 | Got Sif Muna's Almanac of the Supportive Rocks {god gift}
 70662 | Depths:2 | Found a large runed translucent door.
 70662 | Depths:2 | Found a large runed translucent door.
 70699 | Depths:2 | Reached skill level 26 in Summonings
 71643 | Depths:2 | Found a one-way gate leading to the halls of Pandemonium.
 72204 | Depths:2 | Reached XP level 24. HP: 125/150 MP: 14/44
 72413 | Depths:2 | Reached skill level 27 in Summonings
 72645 | Depths:2 | Acquired the ring of Guim {rCorr MP+9}
 72775 | Depths:3 | Received a gift from Sif Muna
 72904 | Depths:3 | Got Sif Muna's Papyrus of Scorching Unholy Rites {god gift}
 72938 | Depths:4 | Reached skill level 9 in Armour
 72939 | Depths:4 | Reached skill level 9 in Dodging
 73712 | Depths:4 | Noticed Xtahua
 73727 | Depths:4 | Killed Xtahua
 74147 | Depths:4 | Found a corrupted altar of Lugonu.
 74147 | Depths:4 | Found a one-way gate to the infinite horrors of the Abyss.
 74262 | Depths:4 | Got the Compendium of the Glacier and Necromancy
 74522 | Depths:5 | Entered Level 5 of the Depths
 74831 | Depths:5 | Reached skill level 10 in Armour
 74831 | Depths:5 | Reached skill level 10 in Dodging
 75266 | Depths:5 | Received a gift from Sif Muna
 76124 | Depths:5 | Reached skill level 13 in Invocations
 76279 | Depths:5 | Found a gate to the Realm of Zot.
 76601 | Vaults:5 | Entered Level 5 of the Vaults
 76617 | Vaults:5 | Reached skill level 16 in Fighting
 76621 | Vaults:5 | Reached XP level 25. HP: 153/157 MP: 31/44
 77114 | Vaults:5 | Found the +14 obsidian axe {vorpal, Mesm Drain Fly SInv}
 77301 | Vaults:5 | Identified the +12 long sword "Ychiufisk" {vorpal, Will+}
 77319 | Vaults:5 | Reached skill level 11 in Dodging
 77320 | Vaults:5 | Reached skill level 11 in Armour
 77456 | Vaults:5 | Identified the +7 dagger "Louff" {vorpal, Fly Dex+2}
 77466 | Vaults:5 | Received a gift from Sif Muna
 77487 | Vaults:5 | Got Sif Muna's Collected Works on Enchanting Summoning {god
                  | gift}
 77977 | Vaults:5 | Identified the +10 halberd of the Immovable Prophets
                  | {flame, Fragile +Blink rN+}
 78495 | Vaults:5 | Identified the ring of Eteeblig {Fly rN+}
 78562 | Vaults:5 | Identified the +5 trident of Bodily Harmony {flame, Will+
                  | Stlth+}
 78562 | Vaults:5 | Identified the +2 robe of the Journeyman {rElec Will+}
 78562 | Vaults:5 | Identified the ring of Jackaron {rC+ rCorr MP-9 Str+5}
 78724 | Vaults:5 | Reached skill level 12 in Dodging
 78734 | Vaults:5 | Reached skill level 12 in Armour
 79019 | Vaults:5 | Reached skill level 14 in Invocations
 79148 | Vaults:5 | Reached skill level 17 in Fighting
 80285 | Vaults:5 | Got a silver rune of Zot
 81545 | Zot:1    | Entered Level 1 of the Realm of Zot
 81561 | Zot:1    | Reached XP level 26. HP: 105/167 MP: 19/44
 81949 | Zot:1    | Reached skill level 15 in Invocations
 82273 | Zot:1    | Reached skill level 18 in Fighting
 82278 | Zot:1    | Reached skill level 5 in Evocations
 82286 | Zot:1    | Reached skill level 6 in Evocations
 82301 | Zot:1    | Learned a level 2 spell: Blink
 82418 | Zot:1    | Reached skill level 7 in Evocations
 82433 | Zot:1    | Reached skill level 8 in Evocations
 82700 | Zot:1    | Killed from afar by a green draconian annihilator

Illustrated notes

Levels and vault maps discovered:
D:1:      zaba_arrival_water, layout_basic
D:2:      layout_rooms, minmay_ruptured
D:3:      layout_rooms, basic_ecumenical_altar
D:4:      layout_basic
D:5:      layout_gridville, nicolae_ossuary_entry_catacombs, uniq_eustachio,
          uniq_grinder
D:6:      layout_rooms, uniq_edmund
D:7:      layout_basic, minmay_temple_entry_arrows, serial_bayou_ford_a,
          minivault_22, uniq_menkaure
D:8:      layout_layer_cave, gammafunk_temple_overflow_wave,
          gammafunk_ghost_grave, uniq_erica, uniq_harold, uniq_gastronok
D:9:      layout_big_octagon, david_orc_2
D:10:     layout_rooms, chequers_temple_overflow_statue_of_worship,
          david_lair_generic, serial_shops, nicolae_shop_statue_plus
D:11:     layout_gridville
D:12:     layout_roguey
D:13:     layout_gridville, serial_bayou, serial_bayou_pond_a,
          serial_bayou_pond_c, serial_bayou_lagoon_a, serial_bayou_pond_b
D:14:     minmay_blocking_statues, layout_stronghold, david_vaults_1,
          serial_undead, serial_undead_e, serial_undead_a, serial_undead_a,
          serial_undead_e
D:15:     hangedman_depths_entry_try_elsewhere_first, layout_small_grid,
          hangedman_abyss_or_decor_lesser_grid, uniq_agnes
Temple:   nicolae_temple_no_exploring_needed
Lair:1:   layout_chaotic_city, st_stairs_5, kennysheep_rathole, uniq_fannar
Lair:2:   layout_misc_corridors, gauntlet_entry_generic
Lair:3:   beast_lair_carwin_large_3, layout_cave_pods,
          skrybe_swamp_entry_bodies, spider_nest_entry_rubble,
          nicolae_volcano_entry_lava_flow, portal_ice_cave_entry_imps,
          gammafunk_ghost_cemetery, chequers_serial_rivers_small_3,
          minmay_lindwurm_lava
Lair:4:   layout_gridlike
Lair:5:   layout_roguey, slime_altar_1, grunt_megastairs_4
Lair:6:   gammafunk_lair_ancient_temple, layout_loops_ring
Swamp:1:  layout_falls_marsh, nicolae_swamp_triple_paths, uniq_josephine
Swamp:2:  layout_basic_swamp, nicolae_swamp_trees_clearing, swamp_pool1,
          hangedman_swamp_pad
Swamp:3:  layout_basic_swamp, serial_swamp_ruin, evilmike_swamp_ruin_house_2,
          evilmike_swamp_ruin_rubble_2, swamp_pool1,
          nicolae_swamp_alligator_family, uniq_louise
Swamp:4:  swamp_vile, layout_basic_swamp, swamp_pool4, infiniplex_staircase_pool
Spider:1: layout_spider_delve, uniq_rupert
Spider:2: layout_spider_delve
Spider:3: layout_spider_delve, special_room [special_room_bee], uniq_donald
Spider:4: spider_rune_water, nicolae_spider_orb_run
Orc:1:    layout_caves, basic_altar, elves_outpost_lemuel
Orc:2:    grunt_orc_tribal_feast, layout_caves, basic_altar
Elf:1:    eino_elf_arrival_customs, layout_gridlike, serial_shops, shop,
          hangedman_elven_crosses_minicolossus
Elf:2:    elven_hall_of_blades_hangedman_original
          [nicolae_vaults_blade_armed_guards], layout_onion_city
Elf:3:    minmay_elf_hall_hex, layout_geoelf_castle, serial_shops,
          nicolae_shop_crystal, minivault_14, dk_noncrumbling_4,
          item_on_display_a
Vaults:1: ontoclasm_vaults_pinch, vaults_room_fancy_cross, grunt_vaults_focal,
          v_rooms_3, hangedman_vaults_locks, vaults_mumra_hex,
          hangedman_vaults_slice, nicolae_vaults_yaktaur_gun_rack,
          nicolae_vaults_network_s, ontoclasm_vaults_loading_screen,
          layout_vaults_big_cross, serial_shops,
          nicolae_shop_competitors_out_of_business
Vaults:2: hangedman_vaults_hat, nicolae_vaults_bisected_exclaves,
          grunt_vaults_trifunnel, ontoclasm_vaults_ring_small,
          hangedman_vaults_maws, v_pattern_4, st_quartered_hall, v_misc_4,
          nicolae_vaults_bisected_slash, minmay_crypt_entry_skeletal_spiral,
          vaults_dpeg_ring, layout_vaults_chaotic_city, serial_shops, shop
Vaults:3: v_misc_16, v_misc_29, nicolae_vaults_theta, vaults_room_semicircle,
          nicolae_vaults_hallways_thing, ontoclasm_vaults_hangar,
          nicolae_vaults_little_squares_1, hangedman_vaults_slice,
          ontoclasm_vaults_gallery, nicolae_vaults_mini_display_case,
          layout_vaults_omnigrid, nicolae_trove_entry_path_of_doom
Vaults:4: ontoclasm_vaults_ligature, vaults_mumra_chevron_long,
          grunt_vaults_hallway_long, grunt_vaults_bifocal, v_misc_32,
          hangedman_vaults_cutoff, dpeg_vaults_monster_box,
          nicolae_vaults_back_hallway, nicolae_vaults_little_squares_4,
          v_pattern_3, ontoclasm_vaults_eye, vaults_room_pool,
          nicolae_vaults_circle_grid_a, dpeg_vaults_monster_row,
          layout_vaults_ring, uniq_frederick
Vaults:5: serial_shops
Depths:1: layout_honeycomb, enter_ziggurat_b, serial_sigils,
          serial_sigils_hangedman_stare, serial_sigils_hangedman_gnaw,
          serial_sigils_hangedman_writhe, serial_sigils_hangedman_clutch,
          serial_sigils_hangedman_snap, serial_sigils_hangedman_scratch,
          grunt_mini_vestibule, nemelex_xobeh_ov_fountains_minmay,
          kennysheep_generic_room_13, uniq_enchantress
Depths:2: lightli_eight_chambers, layout_cave_pools, pan_entry,
          pf_hell_entry_tar_river, nicolae_twisting_strands
Depths:3: lemuel_river_lethe, hell_entry, pan_entry, abyss_entry
Depths:4: kennysheep_spiral_hall, layout_cave_pools, abyss_entry_flame_altar,
          grunt_hell_entry_dis_mu, grunt_decor_arrowhead, kennysheep_cross_room,
          serial_bayou_shore_b, uniq_xtahua
Depths:5: grunt_zot_entry_hairpin, layout_cave_pools, minmay_misc_feat_tiny,
          hell_entry
Zot:1:    infiniplex_zot_generator, layout_concentric_octagons,
          st_single_dragon_hoard_2, st_small_dragon_hoard_2, evilmike_ambush
          [evilmike_ambush_outer_basic, evilmike_ambush_inner_pond]

Skill      XL: |  1  2  3  4  5  6  7  8  9 10 11 12 13 14 15 16 17 18 19 20 21 22 23 24 25 26 |
---------------+-------------------------------------------------------------------------------+-----
Stealth        | 3 4 |  4.0
Spellcasting   | 3 4 6 8 9 11 12 15 16 | 16.0
Summonings     | 5 6 8 9 11 13 14 15 16 17 18 20 22 24 26 27 | 27.0
Fighting       | 1 3 5 7 8 9 10 12 13 15 16 17 18 | 18.0
Hexes          | 1 2 |  2.0
Air Magic      | 2 6 |  6.0
Evocations     | 4 8 |  8.0
Dodging        | 6 8 10 12 | 12.9
Shields        | 2 8 10 11 13 15 | 15.0
Armour         | 1 4 8 10 12 | 12.0
Invocations    | 3 4 8 11 12 13 14 15 | 15.0
Necromancy     | 6 10 12 | 12.0

Action                   |  1- 3 |  4- 6 |  7- 9 | 10-12 | 13-15 | 16-18 | 19-21 | 22-24 | 25-27 || total
-------------------------+-------+-------+-------+-------+-------+-------+-------+-------+-------++-------
Melee: Unarmed           |     5 |       |       |       |       |       |       |       |       ||     5
       Dagger            |    17 |    52 |    84 |       |       |       |       |       |       ||   153
       Kick              |     4 |    20 |    39 |    47 |    75 |    13 |    10 |    12 |       ||   220
       Peck              |     3 |    10 |    26 |    34 |    63 |    14 |     5 |     8 |       ||   163
       Flail             |       |       |    20 |   181 |   238 |    66 |    11 |       |       ||   516
       Staff             |       |       |       |       |    17 |       |     8 |       |       ||    25
       Broad axe         |       |       |       |       |       |       |    17 |    31 |     2 ||    50
Throw: Dart              |       |       |       |     2 |     2 |       |       |       |       ||     4
 Cast: Summon Small Mamm |    25 |    24 |     3 |       |       |       |       |       |       ||    52
       Call Imp          |    11 |    18 |     3 |     1 |       |       |       |       |       ||    33
       Call Canine Famil |     1 |    14 |    27 |    80 |    48 |     5 |    10 |     4 |       ||   189
       Summon Guardian G |       |     3 |     6 |       |       |       |       |       |       ||     9
       Summon Lightning  |       |       |    15 |    48 |    57 |    13 |       |       |       ||   133
       Monstrous Menager |       |       |       |       |   144 |   280 |   144 |   124 |     5 ||   697
       Summon Cactus Gia |       |       |       |       |    47 |   125 |    89 |    58 |     2 ||   321
       Summon Mana Viper |       |       |       |       |    12 |    19 |    17 |     4 |       ||    52
       Haunt             |       |       |       |       |       |     2 |   217 |    90 |    82 ||   391
       Summon Horrible T |       |       |       |       |       |       |     2 |     6 |     2 ||    10
       Dragon's Call     |       |       |       |       |       |       |       |    31 |    25 ||    56
       Blink             |       |       |       |       |       |       |       |       |     2 ||     2
Invok: Channel Magic     |       |       |       |       |     7 |    16 |    16 |    11 |     8 ||    58
Evoke: Wand              |       |       |     3 |     5 |     6 |       |     4 |       |    11 ||    29
       Condenser vane    |       |       |       |       |       |       |     2 |       |     1 ||     3
       Tin of tremorston |       |       |       |       |       |       |     2 |       |       ||     2
  Use: Scroll            |       |       |     3 |    23 |     9 |    10 |     5 |     7 |     6 ||    63
       Potion            |       |       |     1 |     6 |       |       |     1 |     1 |     6 ||    15
 Stab: Sleeping          |       |     2 |     7 |     3 |     3 |       |       |       |       ||    15
       Distracted        |       |     1 |     2 |     8 |     4 |     1 |     3 |     1 |       ||    20
       Paralysed         |       |       |       |     7 |       |       |     1 |     2 |       ||    10
       Petrified         |       |       |       |       |     1 |       |       |       |       ||     1
Armor: Robe              |     1 |     2 |    21 |     3 |       |       |       |       |       ||    27
       Leather armour    |       |       |     9 |    42 |     1 |       |       |       |       ||    52
       Skin              |       |       |       |    13 |       |       |       |       |       ||    13
       Troll leather arm |       |       |       |    45 |   121 |    58 |       |       |       ||   224
       Swamp dragon scal |       |       |       |       |       |    44 |    96 |   109 |    40 ||   289
Dodge: Dodged            |    16 |    30 |    81 |   203 |   284 |   194 |   154 |   135 |    54 ||  1151
Block: Kite shield       |       |       |       |    51 |   383 |   349 |   239 |   306 |    66 ||  1394
       Reflection        |       |       |       |       |    27 |    37 |    36 |    50 |     9 ||   159

Table legend: (Time is in decaauts)
 A = Elapsed time spent in this place.
 B = Non-inter-level travel time spent in this place.
 C = Inter-level travel time spent in this place.
 D = Time resting spent in this place.
 E = Time spent auto-exploring this place.
 F = Levels seen in this place.
 G = Mean time per level.
                   A        B        C        D        E       F      G
               +--------+--------+--------+--------+--------+-----+--------+
         Total |  82675 |  79122 |   3553 |  16225 |  46404 |  51 | 1621.1 |
       Dungeon |  18945 |  17643 |   1302 |   1695 |  12138 |  15 | 1263.0 |
        Temple |      1 |      1 |      0 |      0 |      0 |   1 |    1.0 |
          Lair |   7801 |   7149 |    652 |    894 |   4242 |   6 | 1300.2 |
         Swamp |   6814 |   6666 |    148 |   1082 |   4376 |   4 | 1703.5 |
   Spider Nest |   6894 |   6626 |    268 |   1429 |   3814 |   4 | 1723.5 |
  Orcish Mines |   3413 |   3267 |    146 |    327 |   2254 |   2 | 1706.5 |
   Elven Halls |  11543 |  11342 |    201 |   6212 |   3664 |   3 | 3847.7 |
        Vaults |  16409 |  15941 |    468 |   1577 |  11079 |   5 | 3281.8 |
        Depths |   7522 |   7157 |    365 |   1943 |   4053 |   5 | 1504.4 |
           Zot |   1151 |   1151 |      0 |    393 |    496 |   1 | 1151.0 |
         Trove |     51 |     51 |      0 |      0 |      0 |   1 |   51.0 |
       Ossuary |    724 |    724 |      0 |    357 |     76 |   1 |  724.0 |
      Ice Cave |     50 |     50 |      0 |      0 |      0 |   1 |   50.0 |
       Volcano |    772 |    772 |      0 |    100 |     69 |   1 |  772.0 |
      Gauntlet |    577 |    577 |      0 |    216 |    143 |   1 |  577.0 |
               +--------+--------+--------+--------+--------+-----+--------+

Top non-repeatable levels by time:
   Elf:3: 7620 daAuts
Vaults:5: 4280 daAuts
Vaults:2: 3495 daAuts
Vaults:4: 3308 daAuts
Vaults:3: 3236 daAuts
    D:14: 3009 daAuts
Spider:4: 2729 daAuts
     D:8: 2564 daAuts
   Elf:1: 2493 daAuts
 Swamp:4: 2363 daAuts
   Orc:2: 2298 daAuts
Depths:4: 2109 daAuts
Vaults:1: 2088 daAuts
Depths:2: 1998 daAuts
Spider:1: 1976 daAuts
